[Event "Late-Titled-Tuesday-Blitz-August-29-2023"]
[Site "Chess.com"]
[Date "2023.08.29"]
[Round "6"]
[White "Colombiano07"]
[Black "jeetjain"]
[Result "1-0"]
[WhiteElo "2454"]
[BlackElo "2595"]
[TimeControl "180+1"]
[EndTime "15:04:58 PDT"]
[Termination "Colombiano07 won by resignation"]

1. d4 c5 2. d5 e5 3. Nc3 d6 4. e4 Be7 5. Nf3 Bg4 6. Bb5+ Kf8 7. O-O a6 8. Be2 b5 9. a4 b4 10. Nb1 Bxf3 11. Bxf3 Bg5 12. Nd2 g6 13. g3 h5 14. h4 Bh6 15. Bg2 Nd7 16. Nc4 Bxc1 17. Qxc1 Nb6 18. Nxb6 Qxb6 19. Kh2 Nh6 20. Bf3 Kg7 21.
b3 Raf8 22. Qe3 f5 23. c4 Rf6 24. Be2 f4 25. Qd3 Rhf8 26. Bf3 Qc7 27. Kg2 Kh7 28.
Rae1 Qf7 29. Qd1 Kh8 30. Qe2 Qg7 31. Qd1 g5 32. hxg5 Qxg5 33. Bxh5 fxg3 34. fxg3 Rxf1 35.
Rxf1 Rxf1 36. Kxf1 Qxg3 37. Qf3 Qxf3+ 38. Bxf3 a5 39. Kg2 Kg7 40. Kg3 Kf6 41. Bg4 Nf7 42. Bf5 Kg5 43. Bg4 Nh8 44. Bf5 Kh5 45. Bd7 Ng6 46. Be8 Kg5 47. Bxg6 Kxg6 48. Kg4 1-0

[Event "Late-Titled-Tuesday-Blitz-August-29-2023"]
[Site "Chess.com"]
[Date "2023.08.29"]
[Round "6"]
[White "Mikhail_Golubev"]
[Black "Byniolus"]
[Result "1/2-1/2"]
[WhiteElo "2590"]
[BlackElo "2873"]
[TimeControl "180+1"]
[EndTime "15:04:59 PDT"]
[Termination "Game drawn by repetition"]

1. e4 d6 2. d4 Nf6 3. Nc3 c6 4. f4 Qb6 5. Nf3 Bg4 6. a3 e6 7.
h3 Bxf3 8. Qxf3 d5 9. e5 Nfd7 10.
Bd3 c5 11. f5 cxd4 12. fxe6 fxe6 13. Nxd5 exd5 14. O-O Nc6 15. Qf7+ Kd8 16. e6 Nf6 17. Bg5 Kc8 18. Rxf6 gxf6 19. Qd7+ Kb8 20. Bf4+ Ne5 21. Qe8+ Kc7 22. Qd7+ Kb8 23. Qe8+ Kc7 24. Qd7+ Kb8 1/2-1/2

[Event "Late-Titled-Tuesday-Blitz-August-29-2023"]
[Site "Chess.com"]
[Date "2023.08.29"]
[Round "6"]
[White "jk13"]
[Black "Jospem"]
[Result "0-1"]
[WhiteElo "2676"]
[BlackElo "3045"]
[TimeControl "180+1"]
[EndTime "15:04:59 PDT"]
[Termination "Jospem won by resignation"]

1. e4 c5 2. c3 d6 3. d4 Nf6 4. Bd3 Qc7 5. Nf3 Bg4 6. O-O Nbd7 7. Re1 e6 8. Nbd2 Be7 9. h3 Bh5 10. Nf1 O-O 11. Ng3 Bg6 12. Bg5 e5 13. dxe5 dxe5 14.
Nh4 c4 15. Bc2 Bc5 16. Nhf5 Qb6 17. Qe2 Qxb2 18. Rab1 Qxc3 19. Rxb7 Rab8 20. Reb1 Bb6 21. Rxb8 Rxb8 22. Kh2 h6 23. Bc1 Kh7 24. Bb2 Qa5 25. Qxc4 Bxf2 26. Bc3 Qd8 27. Rf1 Rc8 28. Qd3 Bxg3+ 29.
Nxg3 Qc7 30. Rf3 Nc5 31. Qe2 Ne6 32. Nf5 Nd4 33. Bxd4 exd4+ 34. e5 Qxc2 35. Qxc2 Rxc2 36. exf6 d3 37. fxg7 d2 38. Ne3 Rc3 39. Nd1 Rxf3 40. gxf3 Bc2 41. Nf2 Kxg7 0-1

[Event "Late-Titled-Tuesday-Blitz-August-29-2023"]
[Site "Chess.com"]
[Date "2023.08.29"]
[Round "6"]
[White "AndreiITrifan"]
[Black "sergiochess83"]
[Result "0-1"]
[WhiteElo "2579"]
[BlackElo "2941"]
[TimeControl "180+1"]
[EndTime "15:05:00 PDT"]
[Termination "sergiochess83 won by checkmate"]

1. e4 e6 2. d4 d5 3. Nd2 c5 4. dxc5 Bxc5 5. Nb3 Bb6 6. exd5 exd5 7. Nf3 Nf6 8. Be2 O-O 9. O-O Re8 10. h3 Nc6 11.
c3 Ne4 12. Nbd4 Nxd4 13. Nxd4 Qd6 14. Bf3 Bc7 15. g3 Nxg3 16. fxg3 Qxg3+ 17. Bg2 Qh2+ 18. Kf2 Bg3+ 19. Kf3 Bxh3 20. Qc2 h5 21. Bxh3 Qxh3 22. Rg1 Bh2+ 23. Kf2 Bxg1+ 24. Kxg1 Re1+ 25. Kf2 Rae8 26. Nf3 Rf1# 0-1

[Event "Late-Titled-Tuesday-Blitz-August-29-2023"]
[Site "Chess.com"]
[Date "2023.08.29"]
[Round "6"]
[White "alexrustemov"]
[Black "b_6"]
[Result "1-0"]
[WhiteElo "2877"]
[BlackElo "2489"]
[TimeControl "180+1"]
[EndTime "15:05:01 PDT"]
[Termination "alexrustemov won by checkmate"]

1. d4 d5 2. c4 c6 3. Nc3 Nf6 4. e3 e6 5. Nf3 Nbd7 6. Qc2 Bd6 7.
Bd2 O-O 8. O-O-O b5 9. e4 b4 10.
e5 bxc3 11. Bxc3 Be7 12. exf6 Bxf6 13. c5 Re8 14. Bd3 g6 15. Rhe1 a5 16. Qe2 a4 17.
a3 Bb7 18. Kb1 Qc8 19. Qe3 Ba6 20. Bc2 Bc4 21. Nd2 Bb5 22. f4 Qc7 23. g4 Rad8 24. Ka1 Nxc5 25. f5 Nb3+ 26. Nxb3 axb3 27. Bxb3 Qd7 28. fxg6 fxg6 29. g5 Bg7 30. h4 Qa7 31. Bc2 c5 32. dxc5 e5 33. Bb3 Bc6 34. h5 gxh5 35.
Qh3 Qb7 36. Bc2 d4 37. Qxh5 Bh8 38. Bb4 Bd5 39. g6 hxg6 40. Bxg6 Rf8 41. Rg1 Bg7 42.
Qh7# 1-0

[Event "Late-Titled-Tuesday-Blitz-August-29-2023"]
[Site "Chess.com"]
[Date "2023.08.29"]
[Round "6"]
[White "tarno17"]
[Black "RIPOL"]
[Result "0-1"]
[WhiteElo "2181"]
[BlackElo "2412"]
[TimeControl "180+1"]
[EndTime "15:05:01 PDT"]
[Termination "RIPOL won on time"]

1. e4 Nf6 2. e5 Nd5 3. Bc4 Nb6 4. Bb3 d6 5. f4 c5 6. d3 Nc6 7.
Nf3 g6 8. O-O Bg7 9. exd6 Qxd6 10. Nc3 Nd4 11. Ne4 Qc7 12. Nfg5 O-O 13. c3 Nxb3 14. Qxb3 c4 15. dxc4 Qxc4 16. Qxc4 Nxc4 17. b3 Nb6 18. Ba3 Re8 19. Rac1 Bf5 20. Nc5 Nd5 21. c4 Nc3 22. Nxb7 Ne2+ 23. Kh1 Nxc1 24. Rxc1 a5 25. Nf3 Be4 26. Nc5 Bxf3 27. gxf3 Bh6 28. Nd3 Rad8 29. Ne5 Bxf4 30. Re1 Bxe5 31. Rxe5 Rd2 32.
Rxa5 Rxa2 33. Bb4 Rb2 34. Ra3 Rd8 0-1

[Event "Late-Titled-Tuesday-Blitz-August-29-2023"]
[Site "Chess.com"]
[Date "2023.08.29"]
[Round "6"]
[White "frederiksvane"]
[Black "I_am_Javi"]
[Result "0-1"]
[WhiteElo "2929"]
[BlackElo "2762"]
[TimeControl "180+1"]
[EndTime "15:05:04 PDT"]
[Termination "I_am_Javi won by resignation"]

1. c4 e5 2. g3 Nc6 3. Bg2 f5 4.
Nc3 Nf6 5. d3 d6 6. Nf3 h6 7. O-O g5 8. Rb1 Bg7 9. b4 O-O 10. b5 Ne7 11. a4 Ng6 12. a5 Rb8 13. e3 g4 14. Ne1 h5 15. d4 e4 16. Nd5 Nh7 17. Nf4 Qe8 18. Nxh5 Ng5 19. h4 Nf3+ 20. Bxf3 gxf3 21. Bb2 Bh8 22. d5 Nxh4 23. Nf4 Be5 24. gxh4 Bxf4 25. Kh1 Qh5 26. Rg1+ Kf7 27. Rg7+ Ke8 28.
exf4 Qxh4+ 29. Kg1 Rh8 30. Kf1 Qh3+ 31. Rg2 Rg8 32.
Nxf3 Qxg2+ 33. Ke1 Qxf3 34. Qd4 Qh1+ 35. Kd2 Qxb1 36. Bc3 Qd3+ 37. Kc1 Qxd4 0-1

[Event "Late-Titled-Tuesday-Blitz-August-29-2023"]
[Site "Chess.com"]
[Date "2023.08.29"]
[Round "6"]
[White "wgraif"]
[Black "jamengrand"]
[Result "1-0"]
[WhiteElo "2537"]
[BlackElo "2355"]
[TimeControl "180+1"]
[EndTime "15:05:04 PDT"]
[Termination "wgraif won by resignation"]

1. e4 e5 2. Nf3 Nc6 3. d4 exd4 4. c3 d5 5. Bd3 dxe4 6. Bxe4 Nf6 7. Bxc6+ bxc6 8.
O-O c5 9. cxd4 Be7 10. dxc5 O-O 11. Be3 Bb7 12. Nc3 a5 13. Qxd8 Rfxd8 14. Rad1 Kf8 15. Ne5 Ke8 16. Nb5 Nd5 17. c6 Ba6 18. Rxd5 Rxd5 19. Nxc7+ Kd8 20. Nxd5 Bxf1 21. Bb6+ Ke8 22. Nc7+ Kf8 23.
Nxa8 Ba6 24. c7 Bd6 25. Nc6 Bb7 26. Na7 Be5 27. b3 Ke7 28. c8=Q Bxc8 29. Nxc8+ Kd7 30.
Na7 h5 31. Bxa5 h4 32. h3 Bd4 33. Bb6 Bc3 34. a4 g5 35. a5 f5 36. a6 g4 37.
Nb5 Bb4 38. a7 Kc6 39. Nac7 1-0

[Event "Late-Titled-Tuesday-Blitz-August-29-2023"]
[Site "Chess.com"]
[Date "2023.08.29"]
[Round "6"]
[White "SRob2003"]
[Black "LastGladiator1"]
[Result "0-1"]
[WhiteElo "2653"]
[BlackElo "2903"]
[TimeControl "180+1"]
[EndTime "15:05:06 PDT"]
[Termination "LastGladiator1 won on time"]

1. c4 e6 2. g3 d5 3. Bg2 dxc4 4. Qa4+ Nd7 5. Qxc4 Ngf6 6. Qc2 c5 7. a4 Bd6 8.
Nc3 O-O 9. Nf3 h6 10. O-O Qe7 11. d4 e5 12. dxe5 Nxe5 13. Nb5 Nc6 14. Nxd6 Qxd6 15. Rd1 Qe7 16. Be3 b6 17. Ne5 Nb4 18. Qb3 Be6 19. Qc3 Rad8 20. Nc6 Nxc6 21. Bxc6 Bd5 22. Bxd5 Nxd5 23.
Qb3 Qe6 24. Rd3 Rd7 25. Rad1 Rfd8 26. Qc4 Qe5 27. b3 h5 28. h4 Nxe3 29. Rxd7 Rxd7 0-1

[Event "Late-Titled-Tuesday-Blitz-August-29-2023"]
[Site "Chess.com"]
[Date "2023.08.29"]
[Round "6"]
[White "ariosp"]
[Black "SergioMoralesG"]
[Result "1-0"]
[WhiteElo "2257"]
[BlackElo "2423"]
[TimeControl "180+1"]
[EndTime "15:05:06 PDT"]
[Termination "ariosp won by checkmate"]

1. e4 c5 2. Nf3 e6 3. d4 cxd4 4. Nxd4 Nc6 5. Nc3 Qc7 6. Be3 a6 7. Bd3 Nf6 8. Qe2 b5 9. Nxc6 Qxc6 10. e5 Bb4 11. O-O Bxc3 12. bxc3 Bb7 13. f3 Nd5 14. Bd4 Nxc3 15. Qd2 Nd5 16. Rae1 Ne7 17. Be4 Qc7 18.
Bxb7 Qxb7 19. Bc5 Ng6 20. f4 Rc8 21. Bd6 Qc6 22. Re2 Nh4 23. f5 Nxf5 24. Rxf5 h6 25. Rf1 Qc4 26. Ref2 Qe4 27. Rxf7 Rxc2 28. Rf8+ Rxf8 29.
Rxf8# 1-0

[Event "Late-Titled-Tuesday-Blitz-August-29-2023"]
[Site "Chess.com"]
[Date "2023.08.29"]
[Round "6"]
[White "Mili_Brizzi"]
[Black "Rinqed222"]
[Result "0-1"]
[WhiteElo "2011"]
[BlackElo "2236"]
[TimeControl "180+1"]
[EndTime "15:05:07 PDT"]
[Termination "Rinqed222 won on time"]

1. e4 e6 2. d3 d5 3. Nd2 c5 4.
Ngf3 Nc6 5. g3 Be7 6. Bg2 Nf6 7. O-O O-O 8. Re1 b5 9. e5 Ne8 10. Nf1 Nc7 11. h4 b4 12. N1h2 Nb5 13. Bf4 Ncd4 14.
Ng5 h6 15. Qh5 hxg5 16. hxg5 g6 17. Qh3 Kg7 18. Qh6+ Kg8 19. Ng4 Nf5 20. Qh3 Kg7 21. Nf6 Rh8 22. Qg4 Bxf6 23. exf6+ Kf8 24. c4 Nbd4 25.
cxd5 exd5 26. Rac1 Ne6 27. Re5 Bb7 28. Rce1 Nfd4 29. Rxe6 Nxe6 30. Rxe6 Bc8 31. Qe2 Bxe6 32. Be5 Qb6 33. Qf3 Rd8 34. Qf4 Rd7 35. Bf1 c4 36.
dxc4 dxc4 37. Qe4 Bd5 0-1

[Event "Late-Titled-Tuesday-Blitz-August-29-2023"]
[Site "Chess.com"]
[Date "2023.08.29"]
[Round "6"]
[White "MarcoRiehle"]
[Black "Msb2"]
[Result "0-1"]
[WhiteElo "2830"]
[BlackElo "3016"]
[TimeControl "180+1"]
[EndTime "15:05:10 PDT"]
[Termination "Msb2 won by resignation"]

1. e4 e6 2. d4 d5 3. exd5 exd5 4.
Nf3 Nc6 5. c4 Bb4+ 6. Nc3 Nge7 7. Be2 dxc4 8. Bxc4 O-O 9. O-O Bg4 10. Be3 Nf5 11. d5 Ne5 12. Be2 Nxe3 13. fxe3 Bxf3 14.
Bxf3 Bd6 15. Ne2 Qe7 16. Ng3 g6 17. Qb3 b6 18. Rae1 Rae8 19. Ne4 f5 20. Nxd6 cxd6 21. Re2 Rc8 22. e4 Qg5 23. exf5 Rxf5 24. Ref2 Rc1 25.
h3 Rxf1+ 26. Rxf1 Qg3 27. Qc3 Nxf3+ 28. Rxf3 Rxf3 29. Qxf3 Qxf3 30. gxf3 Kg7 31. Kf2 Kf6 32. f4 Kf5 33. Kf3 g5 34. fxg5 Kxg5 35. Ke4 h5 36. Kf3 b5 37. b4 Kf5 38. Kg3 Ke5 39. Kh4 Kxd5 40. Kxh5 Ke4 41. Kg5 d5 42. h4 d4 43.
h5 d3 44. h6 d2 45. h7 d1=Q 46. h8=Q Qg1+ 47. Kh6 Qh2+ 48. Kg7 Qxh8+ 49. Kxh8 Kd4 0-1

[Event "Late-Titled-Tuesday-Blitz-August-29-2023"]
[Site "Chess.com"]
[Date "2023.08.29"]
[Round "6"]
[White "MFatigue"]
[Black "IngOscarArdila"]
[Result "1-0"]
[WhiteElo "2492"]
[BlackElo "2296"]
[TimeControl "180+1"]
[EndTime "15:05:12 PDT"]
[Termination "MFatigue won on time"]

1. e4 e5 2. Nf3 Nf6 3. d4 Nxe4 4.
dxe5 d5 5. Bd3 Bc5 6. O-O O-O 7.
Bf4 Bf5 8. Nbd2 Nc6 9. Qe2 Nxd2 10. Qxd2 Qd7 11. Bg3 Rad8 12. Nh4 Bg6 13. Kh1 Qg4 14. h3 Qd7 15. f4 Bxd3 16. cxd3 f5 17. exf6 Rxf6 18.
a3 Re8 19. Rae1 Nd4 20. b4 Bb6 21. Rxe8+ Qxe8 22. Re1 Qd7 23. Bf2 Nb3 24. Qb2 Bxf2 25. Qxf2 a5 26. f5 axb4 27. axb4 d4 28. Qe2 c5 29.
Qa2 Qf7 30. bxc5 Rc6 31. Qa8+ Qf8 32. Re8 1-0

[Event "Late-Titled-Tuesday-Blitz-August-29-2023"]
[Site "Chess.com"]
[Date "2023.08.29"]
[Round "6"]
[White "NotFischer"]
[Black "JerMorGurgeh"]
[Result "0-1"]
[WhiteElo "2250"]
[BlackElo "2408"]
[TimeControl "180+1"]
[EndTime "15:05:12 PDT"]
[Termination "JerMorGurgeh won by resignation"]

1. e4 e6 2. d4 d5 3. e5 c5 4. c3 Qb6 5. Nf3 Nc6 6. Bd3 cxd4 7. O-O Bd7 8. Re1 Nge7 9. h4 h6 10. Nbd2 dxc3 11. bxc3 Qc7 12. Rb1 Nc8 13. c4 Nb6 14.
cxd5 Nxd5 15. Nc4 Ncb4 16. Qb3 Nxd3 17. Qxd3 Rc8 18. Ne3 Bc6 19. Bd2 Be7 20. Rec1 Qd7 21. Nc4 O-O 22. Nd4 Rfd8 23. Qg3 Kh8 24. Na5 Nb6 25.
Ndxc6 bxc6 26. Be3 c5 27. Nc4 Nxc4 28. Rxc4 Qd5 29. Rg4 Bf8 30. Bxh6 gxh6 31. Rg8+ Kh7 32. Kh2 Qd3 33. Rb3 Qxg3+ 34. Rbxg3 c4 0-1

[Event "Late-Titled-Tuesday-Blitz-August-29-2023"]
[Site "Chess.com"]
[Date "2023.08.29"]
[Round "6"]
[White "FaustinoOro"]
[Black "ozates"]
[Result "0-1"]
[WhiteElo "2871"]
[BlackElo "2581"]
[TimeControl "180+1"]
[EndTime "15:05:13 PDT"]
[Termination "ozates won by checkmate"]

1. e4 c5 2. Nf3 Nc6 3. Bb5 g6 4. O-O Bg7 5. c3 Nf6 6. Re1 O-O 7. d4 d5 8. e5 Ne4 9. Be3 f6 10. exf6 exf6 11. dxc5 Ne5 12. h3 f5 13. Bd4 Nxf3+ 14.
Qxf3 Ng5 15. Qd1 f4 16. Bxg7 Kxg7 17. h4 Ne4 18. Qd4+ Kh6 19. Nd2 Nxd2 20. Qxd2 Qxh4 21. Qxd5 Rf5 22. Qg8 Bd7 23. Qxa8 Bxb5 24. f3 Qg3 25. Qd8 Rg5 26. Qd2 Rh5 27. Re4 Qh2+ 28. Kf2 Rg5 29. Qxf4 Qxg2+ 30. Ke3 Qe2+ 31. Kd4 Qd3# 0-1

[Event "Late-Titled-Tuesday-Blitz-August-29-2023"]
[Site "Chess.com"]
[Date "2023.08.29"]
[Round "6"]
[White "IMRosen"]
[Black "Laico"]
[Result "1-0"]
[WhiteElo "2611"]
[BlackElo "2421"]
[TimeControl "180+1"]
[EndTime "15:05:14 PDT"]
[Termination "IMRosen won on time"]

1. d4 e6 2. Bf4 f5 3. g4 fxg4 4.
h3 g3 5. Bxg3 Nf6 6. e3 Bd6 7.
Ne2 O-O 8. Bg2 Nc6 9. Nbc3 Bxg3 10. Nxg3 d6 11. Qd2 Bd7 12. O-O-O Rb8 13. Rhg1 b5 14.
Nce4 b4 15. Nxf6+ Qxf6 16. Nh5 Qxf2 17. Bxc6 Qxd2+ 18. Kxd2 Bxc6 19. Rxg7+ Kh8 20. Rdg1 Rg8 21. c4 Bf3 22. Rxg8+ Rxg8 23. Rxg8+ Kxg8 24. Ng3 d5 25. cxd5 exd5 26. Kd3 Kf7 27. a3 bxa3 28. bxa3 Kf6 29.
h4 Kg6 30. Kc3 1-0

[Event "Late-Titled-Tuesday-Blitz-August-29-2023"]
[Site "Chess.com"]
[Date "2023.08.29"]
[Round "6"]
[White "gshwbedhkhd"]
[Black "EsmeraldasAnderson03"]
[Result "0-1"]
[WhiteElo "2574"]
[BlackElo "2405"]
[TimeControl "180+1"]
[EndTime "15:05:15 PDT"]
[Termination "EsmeraldasAnderson03 won on time"]

1. f4 d5 2. Nf3 Nf6 3. g3 Bf5 4. Bg2 e6 5. d3 h6 6. O-O Be7 7. Qe1 O-O 8. h3 Bh7 9. Nbd2 c5 10. e4 Nc6 11. c3 dxe4 12. dxe4 Qd3 13. e5 Nd5 14. Rf2 Ne3 15. Rb1 Nxg2 16. Rxg2 Rfd8 17. Ra1 c4 18. Qf1 Bc5+ 19. Kh2 b5 20. Qxd3 Rxd3 21. a4 b4 22. Ne1 bxc3 23. bxc3 Rxc3 24. Bb2 Re3 25. Nxc4 Rb3 26. Rc1 Nb4 27. Nd6 Be3 28.
Rc7 Bg6 29. Re2 Nd5 30. Rd7 Rab8 31. Ba1 Rb1 32. Bc3 Nxc3 33. Rxe3 R8b2+ 34. Kg1 Nd5 35. Rd8+ Kh7 0-1

[Event "Late-Titled-Tuesday-Blitz-August-29-2023"]
[Site "Chess.com"]
[Date "2023.08.29"]
[Round "6"]
[White "Thjop"]
[Black "Kleyton_Lima"]
[Result "0-1"]
[WhiteElo "2687"]
[BlackElo "2536"]
[TimeControl "180+1"]
[EndTime "15:05:16 PDT"]
[Termination "Kleyton_Lima won by resignation"]

1. d4 Nf6 2. g3 d5 3. Bg2 e6 4. Nf3 b5 5. O-O Be7 6. a4 b4 7.
a5 O-O 8. c4 bxc3 9. Nxc3 c5 10. Bf4 Nc6 11. dxc5 Bxc5 12. Ne5 Nxa5 13. Nd3 Be7 14.
e4 Bb7 15. e5 Nd7 16. h4 Nc4 17. h5 h6 18. Qg4 Bg5 19. b3 Ncb6 20. Rfe1 Bxf4 21. gxf4 Qe7 22. Nb5 Nc5 23. Nxc5 Qxc5 24. Nd6 Qc7 25. Rac1 Qe7 26. Kh2 f5 27. exf6 Rxf6 28.
Nxb7 Qxb7 29. Rxe6 Rxe6 30. Qxe6+ Qf7 31. f5 Re8 32. Qg6 Qd7 33. Bh3 Re2 34. Kg1 d4 35.
f6 Qf7 36. Bf1 Re6 37. Qxg7+ Qxg7+ 38. fxg7 Kxg7 39. Rc7+ Kf6 40. Rxa7 Rd6 41. Bd3 Nd5 42. Rh7 Kg5 43. Be2 Nf4 44. Rg7+ Kf6 45. Rh7 d3 46. Rxh6+ Ke5 47. Rxd6 dxe2 48. Rd3 0-1

[Event "Late-Titled-Tuesday-Blitz-August-29-2023"]
[Site "Chess.com"]
[Date "2023.08.29"]
[Round "6"]
[White "biostatistician"]
[Black "alturas_pacificas"]
[Result "1-0"]
[WhiteElo "2578"]
[BlackElo "2422"]
[TimeControl "180+1"]
[EndTime "15:05:16 PDT"]
[Termination "biostatistician won by resignation"]

1. d4 d5 2. Nf3 Nf6 3. c4 c6 4.
cxd5 cxd5 5. Nc3 Nc6 6. Bf4 e6 7. e3 Bd6 8. Bg3 a6 9. Bd3 b5 10. O-O Bxg3 11. hxg3 Bb7 12. a4 b4 13. Nb1 Rc8 14. Nbd2 Na5 15. Nb3 Nxb3 16. Qxb3 a5 17. Bb5+ Bc6 18. Ne5 Bxb5 19. axb5 O-O 20. Nc6 Qb6 21.
Ne7+ Kh8 22. Nxc8 Rxc8 23. Rfc1 Rb8 24. Qd3 g6 25. Rc6 Qxb5 26. Qxb5 Rxb5 27. Ra6 Kg7 28. R1xa5 Rb8 29. Ra8 Rb6 30. R5a6 Rb5 31. Rc8 b3 32. f3 Rb7 33. Kf2 h5 34. Rc3 Nd7 35. Ra3 e5 36. Raxb3 Ra7 37. dxe5 Nxe5 38. Rc5 Rd7 39.
Rbb5 Nd3+ 40. Ke2 Nxc5 41. Rxc5 d4 42. e4 d3+ 43. Kd2 Rb7 44. Kc3 d2 45. Rd5 f5 46.
exf5 gxf5 47. Rxd2 Kf6 48. b4 Rc7+ 49. Kb3 Rg7 50.
b5 Rxg3 51. b6 Rg8 52. Kb4 Kg5 53. b7 Rb8 54. Rd7 Kf4 55. Rg7 h4 56. Kc5 h3 57.
gxh3 Kxf3 58. Kc6 f4 59. Kc7 Rh8 60. b8=Q Rxb8 61. Kxb8 Ke2 62. Rf7 f3 63. h4 f2 64. h5 f1=Q 65. Rxf1 Kxf1 66. h6 1-0

[Event "Late-Titled-Tuesday-Blitz-August-29-2023"]
[Site "Chess.com"]
[Date "2023.08.29"]
[Round "6"]
[White "dretch"]
[Black "Dhaydon19"]
[Result "1-0"]
[WhiteElo "2906"]
[BlackElo "2663"]
[TimeControl "180+1"]
[EndTime "15:05:17 PDT"]
[Termination "dretch won by resignation"]

1. d4 Nf6 2. c4 e6 3. Nc3 Bb4 4. Qc2 d5 5. cxd5 exd5 6. Bg5 c6 7. e3 Be6 8. Bd3 Nbd7 9. Ne2 h6 10. Bh4 Bd6 11.
Nf4 Qe7 12. Nxe6 fxe6 13. Bg6+ Kd8 14. e4 dxe4 15. O-O-O Kc7 16. Nb5+ Kc8 17. Kb1 a6 18. Nxd6+ Qxd6 19. Bxe4 Nxe4 20. Qxe4 Qd5 21. Rhe1 Qxe4+ 22. Rxe4 Re8 23. d5 e5 24. dxc6 bxc6 25. Rd6 Kc7 26. Rg6 Rg8 27. Rc4 c5 28. Rcg4 a5 29. Rxg7 Rxg7 30. Rxg7 Ra6 31. Kc2 Rd6 32. Bg3 Rd5 33. Rg6 h5 34. Rg5 Kc6 35. Rxh5 c4 36. h4 Kc5 37. Rf5 Kd4 38. h5 Ke4 39. Rf7 Rd6 40. h6 Nc5 41. f3+ Ke3 42. Bxe5 Rd2+ 43. Kc3 Na4+ 44. Kxc4 Rxg2 45. h7 Nb6+ 46. Kb5 1-0

[Event "Late-Titled-Tuesday-Blitz-August-29-2023"]
[Site "Chess.com"]
[Date "2023.08.29"]
[Round "6"]
[White "Ramosha"]
[Black "GMKrikor"]
[Result "1-0"]
[WhiteElo "2644"]
[BlackElo "2872"]
[TimeControl "180+1"]
[EndTime "15:05:17 PDT"]
[Termination "Ramosha won on time"]

1. e4 e6 2. Nf3 d5 3. d3 dxe4 4. dxe4 Qxd1+ 5. Kxd1 Bc5 6. Ke1 Nf6 7. Bd3 Nbd7 8. Ke2 a5 9. Be3 b6 10. Nbd2 Bb7 11. h3 h6 12. Rad1 Ke7 13. c3 Bxe3 14.
Kxe3 Nc5 15. Bc2 Rhd8 16. Nd4 g6 17. f4 a4 18. g4 g5 19. f5 Nfd7 20. N2f3 e5 21. Ne2 Nf6 22. Ng3 Nfd7 23. h4 gxh4 24. Rxh4 Rg8 25. Nh5 Rad8 26. Rg1 Rde8 27. Rhh1 Rh8 28.
Rh3 Reg8 29. Rhg3 f6 30. Nh4 Rh7 31. Ng6+ Ke8 32. b4 axb3 33. axb3 Bc6 34. b4 Ba4 35. Bb1 Nb3 36. Ba2 c5 37. bxc5 bxc5 38. Bxb3 Bxb3 39.
Ra1 Kd8 40. Rgg1 1-0

[Event "Late-Titled-Tuesday-Blitz-August-29-2023"]
[Site "Chess.com"]
[Date "2023.08.29"]
[Round "6"]
[White "guillembaches"]
[Black "matagordo"]
[Result "1-0"]
[WhiteElo "2454"]
[BlackElo "2190"]
[TimeControl "180+1"]
[EndTime "15:05:17 PDT"]
[Termination "guillembaches won by resignation"]

1. e4 e6 2. d4 d5 3. exd5 exd5 4. Nf3 Bd6 5. c4 Bg4 6. h3 Bh5 7. c5 Be7 8. Qb3 Bxf3 9. Qxf3 Nc6 10. Be3 Nf6 11.
Nc3 O-O 12. g4 Re8 13. Bg2 b6 14. O-O bxc5 15. Nxd5 cxd4 16. Nxf6+ Bxf6 17. Qxc6 dxe3 18. Qxa8 exf2+ 19. Kh1 Qe7 20. Qd5 Qe3 21. Rad1 Be5 22. Qf3 Qxf3 23. Bxf3 Bxb2 24. Rxf2 Be5 25. Re2 f6 26. Kg2 Kf8 27. Rd7 Rb8 28. Bd5 h5 29.
Rf7+ Ke8 30. Rxg7 hxg4 31. Rg8+ Ke7 32. Rxb8 c6 33. Rb7+ Kd6 34. Bb3 gxh3+ 35. Kxh3 Kc5 36. Rxa7 1-0

[Event "Late-Titled-Tuesday-Blitz-August-29-2023"]
[Site "Chess.com"]
[Date "2023.08.29"]
[Round "6"]
[White "sergoy"]
[Black "Incognito_Knight"]
[Result "1-0"]
[WhiteElo "2978"]
[BlackElo "2807"]
[TimeControl "180+1"]
[EndTime "15:05:20 PDT"]
[Termination "sergoy won on time"]

1. d4 d5 2. c4 e6 3. Nf3 a6 4. cxd5 exd5 5. Nc3 c6 6. Qb3 Nf6 7. Bg5 Be7 8. e3 O-O 9. Bd3 Nbd7 10. O-O Re8 11.
h3 Nf8 12. Bf4 Ng6 13. Bh2 Bd6 14. Bxd6 Qxd6 15. Bxg6 hxg6 16. Ne5 g5 17. Qd1 g6 18. f4 Nd7 19. Qf3 gxf4 20. exf4 Nf6 21. Rad1 Bf5 22. g4 Be4 23. Qg3 Kg7 24. f5 c5 25. fxg6 cxd4 26. g5 Qxe5 27. gxf6+ Kh6 28. Qh4+ Kxg6 29. Rf4 Rg8 30. Kh2 Bg2 31. Rg1 1-0

[Event "Late-Titled-Tuesday-Blitz-August-29-2023"]
[Site "Chess.com"]
[Date "2023.08.29"]
[Round "6"]
[White "AryanTari"]
[Black "Athanasios2"]
[Result "1-0"]
[WhiteElo "2928"]
[BlackElo "2727"]
[TimeControl "180+1"]
[EndTime "15:05:20 PDT"]
[Termination "AryanTari won by checkmate"]

1. e4 c5 2. Nc3 d6 3. f4 g6 4. Nf3 Bg7 5. Bb5+ Bd7 6. Bc4 Nc6 7. d3 e6 8. f5 exf5 9. Bf4 Ne5 10. exf5 Bxf5 11.
Qe2 Ne7 12. Nxe5 dxe5 13. Bxe5 O-O 14. Bxg7 Kxg7 15. Qe5+ f6 16. Qxc5 Rc8 17. Qf2 a6 18. O-O b5 19. Bb3 Nc6 20. Rae1 Qd7 21. Nd5 Rce8 22. h3 Na5 23. Qc5 Nxb3 24. axb3 Rf7 25. Nf4 Rc8 26. Qf2 Qd6 27. Nh5+ Kg8 28. Ng3 Rc5 29. b4 Rd5 30. Re8+ Kg7 31. Qe3 Bd7 32. Ne4 Qxb4 33. Nxf6 Rxf6 34. Re7+ Kg8 35. Rxf6 Qxb2 36.
Re8+ Bxe8 37. Qxe8+ Kg7 38. Qf8# 1-0

[Event "Late-Titled-Tuesday-Blitz-August-29-2023"]
[Site "Chess.com"]
[Date "2023.08.29"]
[Round "6"]
[White "WindWhistler11"]
[Black "Goryachkina"]
[Result "0-1"]
[WhiteElo "2487"]
[BlackElo "2642"]
[TimeControl "180+1"]
[EndTime "15:05:20 PDT"]
[Termination "Goryachkina won on time"]

1. Nf3 Nf6 2. g3 g6 3. b3 Bg7 4. d4 O-O 5. Bb2 c5 6. dxc5 Na6 7. Bg2 Nxc5 8. O-O d6 9. c4 Bf5 10. Nc3 Rc8 11. Nd4 Bd7 12. Rc1 Qc7 13. Qc2 Qb8 14. Rfd1 a6 15. a4 e5 16. Nf3 Bf5 17. e4 Nfxe4 18. Nxe4 Bxe4 19. Qc3 b5 20. axb5 axb5 21. Ba3 Rfd8 22. Qe3 b4 23. Bb2 Qb7 24. Nh4 Bxg2 25. Nxg2 Ra8 26. Rd2 Qe4 27. Rcd1 Qxe3 28. Nxe3 Bf8 29.
Bxe5 Nxb3 30. Rd5 Nc5 31. Bxd6 Bxd6 32. Rxd6 Rxd6 33. Rxd6 Rb8 34. Rd1 b3 35. Nd5 b2 36.
Nc3 Rb3 37. Ne4 Nxe4 38. Rb1 Nd2 0-1

[Event "Late-Titled-Tuesday-Blitz-August-29-2023"]
[Site "Chess.com"]
[Date "2023.08.29"]
[Round "6"]
[White "Arystanner"]
[Black "mishanick"]
[Result "0-1"]
[WhiteElo "2865"]
[BlackElo "3134"]
[TimeControl "180+1"]
[EndTime "15:05:22 PDT"]
[Termination "mishanick won by resignation"]

1. d4 Nf6 2. c4 e6 3. Nc3 d5 4.
Nf3 Nbd7 5. cxd5 exd5 6. Bf4 c6 7. h3 Ne4 8. Nxe4 dxe4 9. Nd2 Nf6 10. e3 Nd5 11. Be5 Bf5 12. Bc4 Bb4 13. O-O O-O 14. Bb3 Qg5 15. Kh1 Rad8 16. Nc4 Rfe8 17. Bh2 f6 18.
Qe2 Kh8 19. a3 Bf8 20. Na5 Re7 21. Bc2 Bg6 22. Nc4 Ree8 23. b4 Bf7 24. Na5 Rd7 25.
Rac1 a6 26. Bb1 Bh5 27. Qd2 Re6 28. Nb3 f5 29. Nc5 Bxc5 30. dxc5 Rg6 31. Rg1 Qh4 32.
Qb2 Re7 33. Ba2 Qxh3 34. gxh3 Bf3+ 35. Rg2 Rxg2 36. Qe2 Rxf2+ 37. Qxf3 exf3 0-1

[Event "Late-Titled-Tuesday-Blitz-August-29-2023"]
[Site "Chess.com"]
[Date "2023.08.29"]
[Round "6"]
[White "GOGIEFF"]
[Black "ShiroglanTalibov"]
[Result "0-1"]
[WhiteElo "3011"]
[BlackElo "2862"]
[TimeControl "180+1"]
[EndTime "15:05:24 PDT"]
[Termination "ShiroglanTalibov won by resignation"]

1. d4 Nf6 2. c4 e6 3. Nf3 d5 4. Nc3 Bb4 5. Qa4+ Nc6 6. e3 O-O 7. Bd2 dxc4 8. Bxc4 Bd6 9. Qc2 e5 10. dxe5 Nxe5 11. Nxe5 Bxe5 12. h3 Re8 13. O-O-O Qe7 14. g4 c6 15. g5 Nd5 16. Bxd5 cxd5 17. Nxd5 Qxg5 18. e4 Qh4 19. f4 Bb8 20. Rhg1 Be6 21. Qc3 Rc8 22. Rxg7+ Kf8 23. Qxc8+ Bxc8 24. Rdg1 Ke8 25. Rg8+ Kd7 26. R1g7 Bd6 27. Rxf7+ Kc6 28. Rf6 Qxh3 29. Rd8 Qh1+ 30. Kc2 Qxe4+ 31. Kc1 Qh1+ 32. Kc2 Bf5+ 33. Rxf5 Qe4+ 34. Kc1 Rxd8 35. Rh5 Qxd5 0-1